 Dungeon Crawl Stone Soup version 0.21-a0-513-gdcb3f5e (webtiles) character file.

153 Heskey the Skirmisher (level 5, -3/59 HPs)
             Began as an Ogre Berserker on Nov 20, 2017.
             Was a Priest of Trog.
             Slain by a scorpion (6 damage)
             ... on level 4 of the Dungeon on Dec 2, 2017.
             The game lasted 00:04:50 (2470 turns).

Heskey the Skirmisher (Ogre Berserker)              Turns: 2470, Time: 00:04:51

Health: -3/59      AC:  5    Str: 22    XL:     5   Next: 35%
Magic:  5/5        EV: 10    Int:  8    God:    Trog [***...]
Gold:   118        SH:  0    Dex:  8    Spells: 4/4 levels left

rFire    . . .     SeeInvis .   a - +0 mace
rCold    . . .     Gourm    .   (no shield)
rNeg     . . .     Faith    .   b - +0 animal skin
rPois    .         Spirit   .   (helmet restricted)
rElec    .         Reflect  .   j - +1 cloak
rCorr    .         Harm     .   (gloves unavailable)
MR       .....                  (boots unavailable)
Stlth    +.........             (no amulet)
HPRegen  0.19/turn              (no ring)
MPRegen  0.09/turn              (no ring)

@: lethally poisoned (-3 -> -20)
A: large, unfitting armour, tough skin 1
a: Berserk, Trog's Hand, Burn Spellbooks, Renounce Religion


You were on level 4 of the Dungeon.
You worshipped Trog.
Trog was most pleased with you.
You were hungry.

You visited 1 branch of the dungeon, and saw 4 of its levels.

You collected 118 gold pieces.

Inventory:

Hand Weapons
 a - a +0 mace (weapon)
Armour
 b - a +0 animal skin (worn)
 j - a +1 cloak (worn)
Wands
 l - a wand of digging (13)
Scrolls
 f - 2 scrolls of teleportation {unknown}
 g - 3 scrolls of amnesia {unknown}
 k - a scroll of enchant armour {unknown}
 m - 2 scrolls of remove curse {unknown}
 p - a scroll of identify {unknown}
Potions
 d - a potion of degeneration {unknown}
 e - 3 potions of curing {unknown}
 h - 3 potions of heal wounds {unknown}
 i - a potion of mutation {unknown}
 o - a potion of flight {unknown}
Comestibles
 c - 2 bread rations


   Skills:
 * Level 6.2 Fighting
 + Level 3.4 Maces & Flails
 + Level 3.5 Dodging


You had 4 spell levels left.
You didn't know any spells.

Dungeon Overview and Level Annotations

Branches:
Dungeon (4/15)
 Temple: D:4-7

Altars:
Gozag
Yredelemnul

Shops:
D:2 *


Innate Abilities, Weirdness & Mutations

You are too large for most types of armour.
You have tough skin. (AC +1)


Message History

You closely miss the scorpion.
You feel sick. The scorpion stings you. x2
* * * LOW HITPOINT WARNING * * *
You are lethally poisoned!
The scorpion poisons you!
You hit the scorpion.
The scorpion is lightly wounded.
* * * LOW HITPOINT WARNING * * *
You feel very sick.
The scorpion stings you but does no damage.
You completely miss the scorpion.
The scorpion is lightly wounded.
* * * LOW HITPOINT WARNING * * *
You feel sick. The scorpion stings you.
* * * LOW HITPOINT WARNING * * *
You hit the scorpion but do no damage.
The scorpion is lightly wounded.
* * * LOW HITPOINT WARNING * * *
You feel very sick. The scorpion stings you.
You die...

############
#..........# #
#...)......#
##.###..........#
#....>.<........#
....#...........#
#.# #.########.##
#@# .# #s# #
#........
...###### .....
....... #........
#.........
.........(#


You could see a scorpion.

Vanquished Creatures
  A hound (D:3)
  5 adders
  A worm (D:2)
  A dart slug (D:1)
  4 leopard geckos
  An orc (D:4)
  6 giant cockroaches
  4 goblins
  13 hobgoblins
  5 jackals
  2 kobolds
  2 quokkas
  6 bats
  8 frilled lizards
  7 rats
66 creatures vanquished.

Notes
Turn   | Place    | Note
-------+----------+-------------------------------------------
     0 | D:1      | Heskey the Ogre Berserker began the quest for the Orb.
     0 | D:1      | Reached XP level 1. HP: 24/24 MP: 1/1
   119 | D:1      | Reached XP level 2. HP: 14/33 MP: 2/2
   508 | D:1      | Upgraded the game from 0.21-a0-460-g737a915 to 0.21-a0-513-gdcb3f5e
   881 | D:1      | Reached XP level 3. HP: 34/41 MP: 3/3
   947 | D:1      | Reached ** piety under Trog
  1167 | D:2      | Found an opulent altar of Gozag.
  1168 | D:2      | Found Gozag's Platinum Reserve.
  1249 | D:2      | Reached skill level 5 in Fighting
  1403 | D:2      | Reached XP level 4. HP: 40/50 MP: 4/4
  2043 | D:3      | Reached XP level 5. HP: 59/59 MP: 5/5
  2047 | D:3      | Reached skill level 6 in Fighting
  2113 | D:3      | Found a faded altar of an unknown god.
  2250 | D:3      | Found a basalt altar of Yredelemnul.
  2252 | D:3      | Reached *** piety under Trog
  2470 | D:4      | Slain by a scorpion

Vault maps used:
D:1:      dpeg_arrival_water_temple_mockup
D:2:      nicolae_gozag_zags_fifth_avenue
D:3:      lemuel_coloured_pillars_altar, chequers_ecumenical_altar_simple
D:4:      minmay_temple_entry_nine_rooms

Skill      XL: |  1  2  3  4  5 |
---------------+----------------+-----
Dodging        | 3 |  3.5
Maces & Flails | 3 |  3.4
Fighting       | 5 6 |  6.2

Action                   |  1- 3 |  4- 6 || total
-------------------------+-------+-------++-------
Melee: Mace              |   124 |   104 ||   228
Invok: Berserk           |     1 |     2 ||     3
  Eat: Chunk             |     3 |     5 ||     8
Armor: Animal skin       |    48 |    54 ||   102
Dodge: Dodged            |    81 |    72 ||   153

Table legend:
 A = Spawn XP
 B = Non-spawn XP
 C = Spawn XP percentage of total XP
 D = Spawn monster count
 E = Non-spawn monster count
 F = Spawn count percentage of total count
 G = Total turns spent on level
                    A         B        C        D         E        F      G
               +---------+---------+-------+---------+---------+-------+---------
         Total |       0 |     219 |   0.0 |       0 |      66 |   0.0 |  2470
               +---------+---------+-------+---------+---------+-------+---------
           D:1 |       0 |      44 |   0.0 |       0 |      24 |   0.0 |  1125
           D:2 |       0 |      50 |   0.0 |       0 |      20 |   0.0 |   845
           D:3 |       0 |     106 |   0.0 |       0 |      19 |   0.0 |   464
           D:4 |       0 |      19 |   0.0 |       0 |       3 |   0.0 |    36
               +---------+---------+-------+---------+---------+-------+---------
